 Dungeon Crawl Stone Soup version 0.28-a0-556-gab23d0e057 (webtiles) character file.

Game seed: 11909229945563813334

100 Shayle the Skirmisher (level 4, -3/48 HPs)
             Began as an Ogre Warper on Sept 28, 2021.
             Slain by a gnoll (10 damage)
             ... on level 2 of the Dungeon.
             The game lasted 00:07:50 (2841 turns).

Shayle the Skirmisher (Ogre Warper)                 Turns: 2841, Time: 00:07:51

Health: -3/48      AC:  3    Str: 14 (15) XL:     4   Next: 73%
Magic:  7/7        EV: 10    Int: 14 (15) God:
Gold:   78         SH:  0    Dex:  7 (8)  Spells: 7/7 levels left

rFire   . . .      SeeInvis .   a - +0 spear
rCold   . . .      Faith    .   (no shield)
rNeg    . . .      Spirit   .   b - +0 robe
rPois   .          Reflect  .   (helmet restricted)
rElec   .          Harm     .   (no cloak)
rCorr   .          Rampage  .   (gloves unavailable)
Will    .....                   (boots unavailable)
Stlth   +.........              (no amulet)
HPRegen 0.16/turn               (no ring)
MPRegen 0.10/turn               (no ring)

@: no status effects
A: large, unfitting armour, tough skin 1
a: no special abilities


You were on level 2 of the Dungeon.
You visited 1 branch of the dungeon, and saw 3 of its levels.

You collected 78 gold pieces.

Inventory:

Hand Weapons
 a - a +0 spear (weapon)
Missiles
 i - 4 boomerangs (quivered)
Armour
 b - a +0 robe (worn)
Scrolls
 c - a scroll of blinking
 e - a scroll of holy word {unknown}
 f - a scroll of brand weapon {unknown}
 g - 4 scrolls of identify {unknown}
Potions
 j - a potion of brilliance {unknown}


   Skills:
 + Level 3.9 Fighting
 * Level 3.6 Polearms
 - Level 1.0 Throwing
 + Level 2.9 Dodging
 - Level 2.4 Spellcasting
 - Level 2.6 Translocations


You had 7 spell levels left.
You didn't know any spells.
Your spell library contained the following spells:

 Spells                   Type           Power      Damage    Failure   Level
 Apportation              Tloc           18%        N/A       8%          1
 Blink                    Tloc           N/A        N/A       12%         2
 Gell's Gravitas          Tloc           4%         N/A       22%         3
 Lesser Beckoning         Tloc           9%         N/A       22%         3
 Teleport Other           Tloc           9%         N/A       22%         3
 Manifold Assault         Tloc           9%         N/A       91%         5
 Alistair's Intoxication  Tmut/Pois      0%         N/A       99%         5
 Invisibility             Hex            0%         N/A       100%        6


Dungeon Overview and Level Annotations

Branches:
Dungeon (3/15)

Altars:

Annotations:
D:3 Grinder, Sigmund


Innate Abilities, Weirdness & Mutations

You are too large for most types of armour.
You have tough skin. (AC +1)


Message History

The gnoll misses you.
You barely miss the gnoll.
The gnoll is lightly wounded.
The gnoll hits you with a +0 flail.
You hit the gnoll.
The gnoll is moderately wounded.
You barely miss the gnoll.
The gnoll is moderately wounded.
The gnoll hits you but does no damage.
You closely miss the gnoll.
The gnoll is moderately wounded.
The gnoll misses you.
You hit the gnoll but do no damage.
The gnoll is moderately wounded.
The gnoll closely misses you.
You closely miss the gnoll.
The gnoll is moderately wounded.
The gnoll hits you with a +0 flail!
You hit the gnoll.
The gnoll is moderately wounded.
The gnoll hits you with a +0 flail!
You barely miss the gnoll.
The gnoll is moderately wounded.
The gnoll hits you but does no damage.
You barely miss the gnoll.
The gnoll is moderately wounded.
The gnoll hits you with a +0 flail.
You hit the gnoll but do no damage.
The gnoll is moderately wounded.
The gnoll closely misses you.
You hit the gnoll but do no damage.
The gnoll is moderately wounded.
The gnoll hits you with a +0 flail!
* * * LOW HITPOINT WARNING * * *
Okay, then.
It was a potion of degeneration.
There was something very wrong with that liquid.
You feel weakened.
You feel dopey.
You feel clumsy. The gnoll hits you with a +0 flail!
You die...

##......##.........##..#
##.######.......#......
#.# #.............# #.#
#.......#...... ####.####
##########.##..
#.......########## #.###.
#.##.##.##.......# #.###.
#.##)##.##.#####.# #.....
#.##....@........#######.
#.#####g##.##............
#.#####.##.###...#####...
#.......##.#####.# #.##
##########.......# #.##
######### #.## #.## #.#.
#...


You could see a gnoll.

Vanquished Creatures
  A centaur skeleton (D:2)
  A gnoll (D:3)
  An adder (D:2)
  A worm (D:2)
  2 dart slugs (D:2)
  6 ball pythons
  5 bats
  4 endoplasms (D:2)
  A giant cockroach (D:3)
  4 goblins
  3 hobgoblins
  8 jackals
  3 kobolds
  2 frilled lizards (D:1)
  5 rats
47 creatures vanquished.

Vanquished Creatures (others)
  A withered plant (D:1)
1 creature vanquished.

Grand Total: 48 creatures vanquished

Notes
Turn   | Place    | Note
-------+----------+-------------------------------------------
     0 | D:1      | Shayle the Ogre Warper began the quest for the Orb.
     0 | D:1      | Reached XP level 1. HP: 22/22 MP: 3/3
   100 | D:1      | Found a faded altar of an unknown god.
   166 | D:1      | Reached XP level 2. HP: 25/29 MP: 5/5
   919 | D:2      | Reached XP level 3. HP: 33/37 MP: 6/6
  1273 | D:2      | Reached XP level 4. HP: 16/48 MP: 7/7
  2457 | D:3      | Noticed Sigmund
  2634 | D:3      | Noticed Grinder
  2639 | D:3      | Paralysed by Grinder for 7 turns
  2661 | D:3      | Paralysed by Grinder for 4 turns
  2841 | D:2      | Slain by a gnoll

Illustrated notes

Levels and vault maps discovered:
D:1:      ncdulo_lavacross, layout_rooms, shapermc_ecumenical_altar_gd
D:2:      layout_loops_cross
D:3:      layout_basic, minmay_rat_hole, uniq_sigmund, uniq_grinder

Skill      XL: |  1  2  3 |
---------------+----------+-----
Fighting       | 3 |  3.9
Polearms       | 3 |  3.6
Throwing       | |  1.0
Dodging        | |  2.9
Spellcasting   | |  2.4
Translocations | |  2.6

Action                   |  1- 3 |  4- 6 || total
-------------------------+-------+-------++-------
Melee: Spear             |   131 |   102 ||   233
Throw: Boomerang         |     3 |     2 ||     5
  Use: Potion            |     2 |     1 ||     3
 Stab: Sleeping          |     1 |       ||     1
Armor: Robe              |    48 |    27 ||    75
Dodge: Dodged            |    66 |    49 ||   115

Table legend: (Time is in decaauts)
 A = Elapsed time spent in this place.
 B = Non-inter-level travel time spent in this place.
 C = Inter-level travel time spent in this place.
 D = Time resting spent in this place.
 E = Time spent auto-exploring this place.
 F = Levels seen in this place.
 G = Mean time per level.
                   A        B        C        D        E       F      G
               +--------+--------+--------+--------+--------+-----+--------+
         Total |   2835 |   2708 |    127 |    447 |   1594 |   3 |  945.0 |
       Dungeon |   2835 |   2708 |    127 |    447 |   1594 |   3 |  945.0 |
               +--------+--------+--------+--------+--------+-----+--------+

Top non-repeatable levels by time:
     D:2: 1602 daAuts
     D:1: 816 daAuts
     D:3: 416 daAuts
